[Event "Schack-SM 2024: Sverigemastarklassen"]
[Site "Fortnox Arena, Hejaregatan 5, Vaxjo, Sweden"]
[Date "2024.07.07"]
[Round "9.1"]
[White "Pantzar, Milton"]
[Black "Ostlund, Joar"]
[Result "1-0"]
[TimeControl "90 minutes for 40 moves + 30 minutes for the rest of the game + 30 seconds per move from move one."]
[WhiteTitle "IM"]
[BlackTitle "FM"]
[WhiteElo "2480"]
[BlackElo "2334"]

1. Nf3 d5 2. g3 Bg4 3. Bg2 Nd7 4. O-O c6 5. h3 Bxf3 6. Bxf3 Ngf6 7. d3 e6 8. e4 Be7 9. Qe2 O-O 10.
e5 Ne8 11. Bg2 Nc7 12. Nd2 a5 13. f4 a4 14. a3 b5 15. Nf3 c5 16. Kh1 Nb6 17. g4 Qd7 18. h4 Rfb8 19. f5 exf5 20.
gxf5 Qxf5 21. Ng5 Qg6 22. h5 Qc6 23. Qg4 Rf8 24. c4 Rae8 25. cxd5 Nbxd5 26. Be4 Bxg5 27. Qxg5 Qe6 28. Bd2 Qh3+ 29. Kg1 Ne6 30. Qg2 Qxg2+ 31. Kxg2 Rd8 32. h6 g6 33. Rac1 f5 34. exf6 Nxf6 35. Bc6 Rxd3 36. Bc3 Nd5 37. Rxf8+ Kxf8 38. Bxb5 Nef4+ 39. Kf2 Nxc3 40. Rxc3 Rd2+ 41. Kf3 Ne6 42. Bxa4 Rxb2 43. Ke4 Ke7 44. Kd5 Rd2+ 45. Kc6 Rd6+ 46. Kb7 Rd4 47. Bb5 Kd6 48. Bc4 Nf4 49. Bg8 Re4 50. Rc2 Re7+ 51. Kb6 Nd5+ 52. Bxd5 Kxd5 53.
Rxc5+ Kd6 54. a4 Re4 55. Rc6 Kd7 56. Rc7+ Kd6 57. Ra7 Rh4 58. Rxh7 Rxa4 59. Rh8 Rb4+ 60. Ka5 Rh4 61. h7 g5 62.
Rd8+ Ke5 63. h8=Q Rxh8 64. Rxh8 g4 65. Kb4 Ke4 66. Kc3 Kf3 67. Kd2 g3 68. Ke1 Kg2 69. Ke2 Kg1 70. Kf3 g2 71.
Kg3 Kf1 72. Rf8+ Kg1 73. Ra8 1-0

[Event "Schack-SM 2024: Sverigemastarklassen"]
[Site "Fortnox Arena, Hejaregatan 5, Vaxjo, Sweden"]
[Date "2024.07.07"]
[Round "9.2"]
[White "Blomqvist, Erik"]
[Black "Galperin, Platon"]
[Result "1/2-1/2"]
[TimeControl "90 minutes for 40 moves + 30 minutes for the rest of the game + 30 seconds per move from move one."]
[WhiteTitle "GM"]
[BlackTitle "GM"]
[WhiteElo "2527"]
[BlackElo "2551"]

1. e4 e6 2. d4 d5 3. Nc3 Nf6 4. Bg5 dxe4 5. Nxe4 Nbd7 6. Nf3 Be7 7. Nxf6+ Bxf6 8. Bxf6 Qxf6 9. Qd3 c5 10.
O-O-O cxd4 11. Qxd4 Qxd4 12. Rxd4 Ke7 13. Be2 Nb8 14. Rhd1 Nc6 15. R4d2 Rd8 16. Ne5 Rxd2 17. Nxc6+ bxc6 18.
Kxd2 c5 19. Bf3 Rb8 20. Kc3 Rb6 21. a3 a5 22. b3 Ba6 23. Re1 f6 24. Re4 Bb5 25. Be2 Bc6 26. Re3 Bd5 27. h4 g6 28.
g4 Rb8 29. Bd3 Kd6 30. h5 Rg8 31. h6 f5 32. Rg3 f4 33. Rh3 Bg2 34. Rh2 Bf3 35. Rh3 Bg2 36. Rh2 Bf3 37. Rh3 Bg2 38.
Rh2 1/2-1/2

[Event "Schack-SM 2024: Sverigemastarklassen"]
[Site "Fortnox Arena, Hejaregatan 5, Vaxjo, Sweden"]
[Date "2024.07.07"]
[Round "9.4"]
[White "Seo, Jung Min"]
[Black "Hillarp Persson, Tiger"]
[Result "1-0"]
[TimeControl "90 minutes for 40 moves + 30 minutes for the rest of the game + 30 seconds per move from move one."]
[WhiteTitle "IM"]
[BlackTitle "GM"]
[WhiteElo "2442"]
[BlackElo "2455"]

1. e4 e6 2. d4 d5 3. Nc3 h6 4. Bd3 c5 5. exd5 exd5 6. dxc5 Nc6 7. Bb5 Bxc5 8. Qxd5 Qb6 9. Ne4 Bb4+ 10.
c3 Nge7 11. Qc4 f5 12. Be3 Qc7 13. Qxb4 fxe4 14. Qxe4 Bf5 15. Qa4 O-O 16. Nf3 a6 17. Qc4+ Kh8 18. Bxc6 Nxc6 19. Nd4 Rae8 20.
Nxf5 Rxf5 21. O-O b5 22. Qh4 Qf7 23. b3 Re6 24. Rae1 Rh5 25. Qg4 Ne5 26. Qe2 Rg6 27. f3 Qf5 28.
Rd1 Rh4 29. Rd4 Rxd4 30. Bxd4 Nd3 31. Qe4 Qg5 32. f4 Qg4 33. h3 Qg3 34. f5 1-0

[Event "Schack-SM 2024: Sverigemastarklassen"]
[Site "Fortnox Arena, Hejaregatan 5, Vaxjo, Sweden"]
[Date "2024.07.07"]
[Round "9.5"]
[White "Semcesen, Daniel"]
[Black "Hector, Jonny"]
[Result "0-1"]
[TimeControl "90 minutes for 40 moves + 30 minutes for the rest of the game + 30 seconds per move from move one."]
[WhiteTitle "GM"]
[BlackTitle "GM"]
[WhiteElo "2451"]
[BlackElo "2410"]

1. Nf3 d5 2. g3 Nc6 3. d4 Bf5 4. Bg2 Nb4 5. Na3 e6 6. O-O h5 7. c3 Nc6 8. Qb3 Bxa3 9. Qxa3 Be4 10.
Re1 Nge7 11. Qb3 b6 12. Bf1 Bxf3 13. exf3 h4 14. Bd2 Kf8 15. Re2 Na5 16. Qc2 c5 17. Be3 cxd4 18. Bxd4 Nac6 19.
Rd1 Nxd4 20. Rxd4 Rc8 21. Qa4 Nf5 22. Rd1 Qc7 23. Qb4+ Kg8 24. Bg2 a5 25. Qg4 Qc4 26. f4 g6 27.
a3 Kg7 28. Re5 hxg3 29. hxg3 Rhd8 30. Qe2 b5 31. Bf1 Qxe2 32. Rxe2 Rc5 33. Red2 Rb8 34. Bd3 Nd6 35. Re1 Kf6 36.
Kg2 b4 37. axb4 axb4 38. cxb4 Rxb4 39. Ree2 Rb3 40. Kf1 Rc6 41. Ke1 Rc1+ 0-1

[Event "Schack-SM 2024: Sverigemastarklassen"]
[Site "Fortnox Arena, Hejaregatan 5, Vaxjo, Sweden"]
[Date "2024.07.06"]
[Round "8.5"]
[White "Hector, Jonny"]
[Black "Seo, Jung Min"]
[Result "1/2-1/2"]
[TimeControl "90 minutes for 40 moves + 30 minutes for the rest of the game + 30 seconds per move from move one."]
[WhiteTitle "GM"]
[BlackTitle "IM"]
[WhiteElo "2410"]
[BlackElo "2442"]

1. e4 c5 2. Nf3 d6 3. d4 cxd4 4. Nxd4 Nf6 5. Nc3 a6 6. Bg5 Nbd7 7. Qe2 h6 8. Bh4 g6 9. f4 e5 10.
fxe5 dxe5 11. O-O-O Qc7 12. Nb3 b5 13. Rxd7 Nxd7 14. Nd5 Qb8 15. Na5 Bg7 16. Qf3 O-O 17. Be7 Bb7 18. Bxf8 Kxf8 19.
Qa3+ Kg8 20. Nxb7 Qxb7 21. Qd6 Nf8 22. Bd3 Ne6 23. Rf1 Nf4 24. Nxf4 exf4 25. Rxf4 Re8 26. Qd5 Qc7 27. g3 Be5 28.
Rf1 Kg7 29. Kb1 Re7 30. a3 Rd7 31. Qb3 Qc5 32. Ka2 h5 33. Qb4 Qc7 34. Rf3 Rd4 35. Qb3 Qd7 36. c4 Qg4 37. Rf2 Qe6 38.
Rc2 a5 39. Bf1 bxc4 40. Bxc4 Qf6 41. Bd5 Qf1 42. Qe3 Rd1 43. Qe2 Ra1+ 44. Kb3 Qf6 45. Ka4 Rb1 46. Kb3 Rf1 47. Ka2 Bd4 48.
Qb5 Rf2 49. Qb3 Rxc2 50. Qxc2 h4 51. gxh4 Qxh4 52. Kb3 Qf6 53. Qg2 Be5 54. h3 Bd4 55. Qd2 Qb6+ 56. Ka2 Bf6 57. Bb3 Qd4 58.
Qxd4 Bxd4 59. Bd5 f5 60. exf5 gxf5 61. b4 axb4 62. axb4 f4 1/2-1/2

[Event "Schack-SM 2024: Sverigemastarklassen"]
[Site "Fortnox Arena, Hejaregatan 5, Vaxjo, Sweden"]
[Date "2024.07.06"]
[Round "8.1"]
[White "Galperin, Platon"]
[Black "Pantzar, Milton"]
[Result "1-0"]
[TimeControl "90 minutes for 40 moves + 30 minutes for the rest of the game + 30 seconds per move from move one."]
[WhiteTitle "GM"]
[BlackTitle "IM"]
[WhiteElo "2551"]
[BlackElo "2480"]

1. e4 e5 2. Nf3 Nf6 3. Nxe5 Nxe4 4. Qe2 Qe7 5. Qxe4 d6 6. d4 dxe5 7. dxe5 Nc6 8. Nc3 Qxe5 9. Qxe5+ Nxe5 10.
Nb5 Bb4+ 11. Bd2 Bxd2+ 12. Kxd2 Kd8 13. Re1 Nd7 14. a4 Nc5 15. a5 Bd7 16. Nd4 Ne6 17. Nf3 Ke7 18. Bc4 Rad8 19.
Kc3 Rhe8 20. Ne5 Bc8 21. a6 Rd6 22. axb7 Bxb7 23. f3 h5 24. Ra1 a6 25. Rhe1 Kf6 26. Ra5 Re7 27. Nd3 h4 28.
Rh5 g5 29. Ne5 Bd5 30. Bd3 Kg7 31. Ng4 Red7 32. b3 c5 33. Re5 Rc7 34. Ne3 Bb7 35. Ng4 Kf8 36. Bf5 Bd5 37. Rh8+ Kg7 38.
Rh7+ Kf8 39. Nf6 Bc6 40. Bxe6 Re7 41. Bc4 Rxf6 42. Rxg5 1-0

[Event "Schack-SM 2024: Sverigemastarklassen"]
[Site "Fortnox Arena, Hejaregatan 5, Vaxjo, Sweden"]
[Date "2024.07.06"]
[Round "8.2"]
[White "Ostlund, Joar"]
[Black "Sivuk, Vitaly"]
[Result "1/2-1/2"]
[TimeControl "90 minutes for 40 moves + 30 minutes for the rest of the game + 30 seconds per move from move one."]
[WhiteTitle "FM"]
[BlackTitle "GM"]
[WhiteElo "2334"]
[BlackElo "2569"]

1. d4 Nf6 2. c4 e6 3. Nf3 d5 4. Nc3 h6 5. Bf4 Bb4 6. Qb3 c5 7. dxc5 Nc6 8. e3 Qa5 9. Bd3 dxc4 10.
Qxc4 Nd7 11. O-O Bxc3 12. bxc3 e5 13. Nxe5 Ndxe5 14. Bxe5 Nxe5 15. Qe4 Qxc5 16. f4 Bf5 17. Qxb7 O-O 18.
Bxf5 Nc4 19. Qb4 Qxf5 20. Qxc4 Rac8 21. Qd4 Rfd8 22. Qxa7 Rxc3 23. Rad1 Re8 24. Rde1 Qd5 25. Qd4 Qa5 26.
f5 Rc2 27. f6 Qxa2 28. Qg4 g6 29. Kh1 Qd5 30. e4 Qe5 31. Qf4 Kh7 32. h3 Rc4 33. Qxe5 Rxe5 34. Ra1 g5 35. Ra7 Kg6 36.
Ra8 Kh7 37. Ra7 Kg6 38. Ra8 Kh7 39. Ra7 Kg6 40. Ra8 Kh7 1/2-1/2

[Event "Schack-SM 2024: Sverigemastarklassen"]
[Site "Fortnox Arena, Hejaregatan 5, Vaxjo, Sweden"]
[Date "2024.07.06"]
[Round "8.3"]
[White "Hillarp Persson, Tiger"]
[Black "Blomqvist, Erik"]
[Result "0-1"]
[TimeControl "90 minutes for 40 moves + 30 minutes for the rest of the game + 30 seconds per move from move one."]
[WhiteTitle "GM"]
[BlackTitle "GM"]
[WhiteElo "2455"]
[BlackElo "2527"]

1. d4 d5 2. c4 c6 3. Nf3 Nf6 4. e3 Bf5 5. Nc3 e6 6. Nh4 Bg6 7. Be2 Nbd7 8. O-O Be7 9. g3 dxc4 10.
Nxg6 hxg6 11. Bxc4 Qa5 12. Qf3 Rd8 13. Rd1 g5 14. g4 Nf8 15. h3 Ng6 16. Bd2 Qc7 17. Be1 e5 18. Ne4 exd4 19.
Nxg5 Ne5 20. Qg3 Bd6 21. Bb3 Nexg4 22. Qg2 dxe3 23. hxg4 Bh2+ 24. Kf1 e2+ 25. Kxe2 Qe5+ 26. Kf3 Qxg5 27.
Rxd8+ Kxd8 28. Rd1+ Kc8 29. Bc2 Qf4+ 30. Ke2 Re8+ 31. Kf1 Nxg4 32. Rd3 Ne3+ 33. Rxe3 Rxe3 34. Bb3 Re8 35. Qxg7 Qf3 0-1

[Event "Schack-SM 2024: Sverigemastarklassen"]
[Site "Fortnox Arena, Hejaregatan 5, Vaxjo, Sweden"]
[Date "2024.07.06"]
[Round "8.4"]
[White "Lokander, Martin"]
[Black "Semcesen, Daniel"]
[Result "0-1"]
[TimeControl "90 minutes for 40 moves + 30 minutes for the rest of the game + 30 seconds per move from move one."]
[WhiteTitle "IM"]
[BlackTitle "GM"]
[WhiteElo "2474"]
[BlackElo "2451"]

1. d4 d5 2. c4 dxc4 3. Nf3 Nf6 4. e3 Bg4 5. Bxc4 e6 6. Nc3 Nc6 7. h3 Bh5 8. g4 Bg6 9. Nh4 Nd5 10.
Nxg6 hxg6 11. Bd2 Qd7 12. Qf3 O-O-O 13. O-O-O g5 14. Kb1 Kb8 15. Ne4 f6 16. a3 a6 17. Qe2 Bd6 18. Be1 Rh6 19.
Qc2 Nce7 20. Qb3 Ka8 21. Ba5 Nc6 22. Bd2 Nce7 23. Ba5 Nc6 24. Bd2 Nce7 25. Nxd6 Qxd6 26. e4 Nf4 27. h4 Rxh4 28.
Rxh4 gxh4 29. Qf3 Qxd4 30. Bb3 Qd3+ 31. Qxd3 Nxd3 32. Be3 Nc6 33. Rh1 g5 34. Bxe6 Nce5 35. Kc2 Kb8 36. b4 Rd6 37.
Bf5 b6 38. Kc3 Kb7 39. Kb3 Rc6 40. Rg1 Rd6 41. Rh1 b5 42. a4 Nc4 43. axb5 axb5 44. e5 Ndxe5 45. Bc5 Ra6 46. Rd1 Nd6 47.
Be6 Kc6 48. Bd4 Ndc4 49. Bc5 Ra3+ 50. Kc2 Nd6 51. Kb2 Rd3 52. Ra1 Nec4+ 53. Kc2 Rd2+ 54. Kb3 Rb2+ 55. Kc3 Ne4+ 56. Kd4 Nxc5 57.
Bd5+ Kd6 58. bxc5+ Kd7 59. Ra6 Rxf2 60. Bc6+ Ke7 61. Bxb5 Ne5 62. Ra7 Ke6 63. Rxc7 h3 64. Rh7 h2 65.
c6 Rc2 66. c7 Rxc7 67. Rh3 Rc1 0-1

[Event "Schack-SM 2024: Sverigemastarklassen"]
[Site "Fortnox Arena, Hejaregatan 5, Vaxjo, Sweden"]
[Date "2024.07.05"]
[Round "7.1"]
[White "Sivuk, Vitaly"]
[Black "Galperin, Platon"]
[Result "1/2-1/2"]
[TimeControl "90 minutes for 40 moves + 30 minutes for the rest of the game + 30 seconds per move from move one."]
[WhiteTitle "GM"]
[BlackTitle "GM"]
[WhiteElo "2569"]
[BlackElo "2551"]

1. d4 Nf6 2. c4 c6 3. Nc3 d5 4. cxd5 cxd5 5. Nf3 Nc6 6. Bf4 Nh5 7. Bd2 Nf6 8. Bf4 Nh5 9. Bd2 Nf6 10.
Bf4 Nh5 1/2-1/2

[Event "Schack-SM 2024: Sverigemastarklassen"]
[Site "Fortnox Arena, Hejaregatan 5, Vaxjo, Sweden"]
[Date "2024.07.05"]
[Round "7.2"]
[White "Pantzar, Milton"]
[Black "Hillarp Persson, Tiger"]
[Result "1/2-1/2"]
[TimeControl "90 minutes for 40 moves + 30 minutes for the rest of the game + 30 seconds per move from move one."]
[WhiteTitle "IM"]
[BlackTitle "GM"]
[WhiteElo "2480"]
[BlackElo "2455"]

1. Nf3 Nf6 2. e3 g6 3. b4 Bg7 4. Bb2 O-O 5. c4 d6 6. Be2 e5 7. d3 Re8 8. O-O a5 9. b5 Nbd7 10.
Nc3 Nc5 11. Qc2 Bf5 12. Nd2 e4 13. dxe4 Nfxe4 14.
Ndxe4 Nxe4 15. Bd3 Nxc3 16. Bxf5 Qf6 17. Bg4 Ne2+ 18. Qxe2 Qxb2 19. Rad1 Qxe2 20. Bxe2 Rad8 21. Bf3 b6 22.
Rd3 f5 23. Bd5+ Kh8 24. f4 Re7 25. Kf2 Bf6 26. Kf3 Rf8 27. h3 Kg7 28. Rg1 h5 29. g4 hxg4+ 30. hxg4 fxg4+ 31. Rxg4 Rh8 32.
Kg2 Rh4 33. Rxh4 Bxh4 34. Kf3 Be1 35. Be4 Bb4 36. Rd5 Kf6 37. Rg5 Rg7 38. Bc6 Bc5 39. Be4 Kf7 40. a4 Kf6 41. Bc2 Rg8 42.
Rg2 g5 43. Rh2 g4+ 44. Kg3 Bxe3 45. Rh6+ Kf7 46. Be4 Rf8 47. Bf5 Bd4 48. Kxg4 Rh8 49. Rxh8 Bxh8 1/2-1/2

[Event "Schack-SM 2024: Sverigemastarklassen"]
[Site "Fortnox Arena, Hejaregatan 5, Vaxjo, Sweden"]
[Date "2024.07.05"]
[Round "7.3"]
[White "Semcesen, Daniel"]
[Black "Ostlund, Joar"]
[Result "1/2-1/2"]
[TimeControl "90 minutes for 40 moves + 30 minutes for the rest of the game + 30 seconds per move from move one."]
[WhiteTitle "GM"]
[BlackTitle "FM"]
[WhiteElo "2451"]
[BlackElo "2334"]

1. Nf3 d5 2. g3 Bg4 3. Bg2 Nd7 4. d3 c6 5. Nbd2 Ngf6 6. h3 Bh5 7. O-O e5 8. e4 dxe4 9. dxe4 Bc5 10.
Qe1 O-O 11. a4 Re8 12. Nc4 Qe7 13. Nh4 Bg6 14. Bd2 Nb6 15. Nxg6 hxg6 16. Ne3 Qe6 17. Qe2 a5 18. Rfd1 Bd4 19.
Rdb1 Red8 20. Be1 Rd7 21. Kh2 Bc5 22. b3 Bd4 23. Ra2 Qe7 24. Bf3 Qc5 25. b4 Qd6 26. bxa5 Bxe3 27. axb6 Bd2 28.
a5 Bxe1 29. Qxe1 Qc5 30. Kg2 Rd4 31. a6 Nd7 32. Ra5 Qxc2 33. Rc1 Qb2 34. Rb1 Qc2 35. Bg4 Rxe4 36. Qd1 Qxd1 37. Rxd1 Nxb6 38.
axb7 Rb8 39. Rb1 Ra4 40. Rc5 Rc4 41. Ra5 Ra4 42. Rxe5 Rxb7 43. Re8+ Kh7 44. Bf3 Ra6 45. h4 Rc7 46.
g4 Ra8 47. Rxa8 Nxa8 48. Rb8 Ra7 49. Bxc6 Nc7 50. Be4 Ra4 51. f3 Ne6 52. Kg3 Nc5 53. Bd5 Ra7 54. Re8 Rd7 55. Bc4 Rc7 56.
Ba2 Ra7 57. Bb1 Rb7 58. Bc2 Rb2 59. Re2 Kg8 60. h5 Kf8 61. hxg6 fxg6 62. Rh2 Ke7 63. Re2+ Ne6 64. f4 Kd6 65.
Rd2+ Ke7 66. g5 Nd4 67. Rxd4 1/2-1/2

[Event "Schack-SM 2024: Sverigemastarklassen"]
[Site "Fortnox Arena, Hejaregatan 5, Vaxjo, Sweden"]
[Date "2024.07.05"]
[Round "7.4"]
[White "Blomqvist, Erik"]
[Black "Seo, Jung Min"]
[Result "1/2-1/2"]
[TimeControl "90 minutes for 40 moves + 30 minutes for the rest of the game + 30 seconds per move from move one."]
[WhiteTitle "GM"]
[BlackTitle "IM"]
[WhiteElo "2527"]
[BlackElo "2442"]

1. e4 c5 2. Nf3 d6 3. d4 cxd4 4. Nxd4 Nf6 5. Nc3 a6 6. a4 g6 7. Be2 Bg7 8. a5 O-O 9. O-O Nc6 10.
Nxc6 bxc6 11. Be3 Nd7 12. Qd2 c5 13. Bh6 Bb7 14. Ra3 Nf6 15. Bxg7 Kxg7 16. Qe3 Qc7 17. Rd1 e6 18. Rb3 d5 19.
Qg3 Rfc8 20. exd5 Bxd5 21. Rb6 c4 22. Qe3 Kg8 23. h4 h5 24. Qg5 Qd8 25. Rd4 Rc5 26. Nxd5 Nxd5 27. Rxa6 Qc8 28.
Rxa8 Qxa8 29. Bxh5 Qxa5 30. Bxg6 Qe1+ 31.
Kh2 fxg6 32. Qxg6+ Kf8 33. Re4 Qxf2 34. Rxe6 Qxh4+ 35. Kg1 Qd4+ 36. Kh2 Qh4+ 37. Kg1 Qd4+ 38. Kf1 Qf4+ 39. Kg1 Qd4+ 40.
Kh2 Qh4+ 41. Kg1 1/2-1/2

[Event "Schack-SM 2024: Sverigemastarklassen"]
[Site "Fortnox Arena, Hejaregatan 5, Vaxjo, Sweden"]
[Date "2024.07.05"]
[Round "7.5"]
[White "Lokander, Martin"]
[Black "Hector, Jonny"]
[Result "1-0"]
[TimeControl "90 minutes for 40 moves + 30 minutes for the rest of the game + 30 seconds per move from move one."]
[WhiteTitle "IM"]
[BlackTitle "GM"]
[WhiteElo "2474"]
[BlackElo "2410"]

1. d4 d5 2. c4 c6 3. cxd5 cxd5 4. Nc3 e5 5. dxe5 d4 6. Ne4 Qa5+ 7. Nd2 Nc6 8. Ngf3 h5 9. g3 h4 10.
Nxh4 g5 11. Nhf3 g4 12. Nh4 Be7 13. Bg2 Bxh4 14. gxh4 Nge7 15. O-O Qxe5 16. Nc4 Qe6 17. Qd3 Rxh4 18. Bf4 Qf6 19. Bg3 Rh6 20.
e4 Be6 21. f4 gxf3 22. Nd6+ Kf8 23. Rxf3 Qg7 24. Qb5 a6 25. Qxb7 Rb8 26. Qc7 Rxb2 27. Nf5 Bxf5 28. exf5 d3 29.
Rd1 Qd4+ 30. Kh1 d2 31. Rf4 Qd6 32. Qxd6 Rxd6 33. f6 Nd5 34. Rd4 Nxd4 35. Bxd6+ Kg8 36. Bxd5 Nb5 37. Be5 Rc2 38.
Bb3 Rc5 39. Bb2 1-0

[Event "Schack-SM 2024: Sverigemastarklassen"]
[Site "Fortnox Arena, Hejaregatan 5, Vaxjo, Sweden"]
[Date "2024.07.04"]
[Round "6.1"]
[White "Hillarp Persson, Tiger"]
[Black "Sivuk, Vitaly"]
[Result "1/2-1/2"]
[TimeControl "90 minutes for 40 moves + 30 minutes for the rest of the game + 30 seconds per move from move one."]
[WhiteTitle "GM"]
[BlackTitle "GM"]
[WhiteElo "2455"]
[BlackElo "2569"]

1. d4 Nf6 2. Nf3 g6 3. Nc3 d5 4. Bf4 c6 5. e3 Bg7 6. h4 Bg4 7. Be2 Qb6 8. Qd2 Nbd7 9. O-O-O h5 10.
Ne5 Bxe2 11. Qxe2 Nxe5 12. Bxe5 Kf8 13. Kb1 Qa5 14. e4 e6 15. Rh3 Nxe4 16. Nxe4 dxe4 17. Ra3 Qd8 18. Qxe4 Qd5 19.
Qxd5 cxd5 20. Rc3 Bxe5 21. dxe5 Re8 22. Rd4 Re7 23. Ra4 a6 24. Rb4 Kg7 25. Rb6 Rd8 26. Kc1 Rdd7 27. Kd2 Rc7 28.
Rxc7 Rxc7 29. b3 g5 30. hxg5 Kg6 31. c3 Kxg5 32. Kd3 Kf5 33. Kd4 h4 34. Rd6 f6 35. exf6 Kxf6 36. Rd8 Rg7 37.
Rf8+ Ke7 38. Rh8 Rxg2 39. Ke3 Kd6 40. Rxh4 Rg7 41. Ke4 Ke5+ 1/2-1/2

[Event "Schack-SM 2024: Sverigemastarklassen"]
[Site "Fortnox Arena, Hejaregatan 5, Vaxjo, Sweden"]
[Date "2024.07.04"]
[Round "6.2"]
[White "Galperin, Platon"]
[Black "Semcesen, Daniel"]
[Result "1-0"]
[TimeControl "90 minutes for 40 moves + 30 minutes for the rest of the game + 30 seconds per move from move one."]
[WhiteTitle "GM"]
[BlackTitle "GM"]
[WhiteElo "2551"]
[BlackElo "2451"]

1. e4 e5 2. Nf3 Nc6 3. Bb5 a6 4. Ba4 Nf6 5. Nc3 d6 6. Bxc6+ bxc6 7. d4 exd4 8. Nxd4 Bd7 9. O-O Be7 10.
Qf3 c5 11. Nf5 Bxf5 12. Qxf5 O-O 13. b3 Re8 14. Bb2 Bf8 15. Rae1 g6 16. Qf3 Bg7 17. Na4 Nd7 18. Bxg7 Kxg7 19.
Qc3+ f6 20. Re3 Re6 21. Rfe1 Qe7 22. Qa5 Ne5 23. Nc3 c6 24. h3 Qb7 25. Ne2 Rae8 26. Qd2 Nf7 27. Nf4 Re5 28. Nd3 R5e6 29.
h4 Qc7 30. f4 Qe7 31. h5 Qa7 32. hxg6 hxg6 33. c4 Qe7 34. a3 Qd8 35. Qf2 R6e7 36. Qg3 Qd7 37. b4 cxb4 38. axb4 f5 39.
Nf2 Nh6 40. R3e2 Kh7 41. Qc3 Kg8 42. Re3 Re6 43. c5 fxe4 44. cxd6 Nf5 45. Rxe4 Nxd6 46. Rxe6 Rxe6 47. Qb3 Kf7 48.
Nd3 Kf6 49. Qc3+ Kf5 50. Re5+ Kg4 51. Nf2+ Kh4 52. Qh3# 1-0

[Event "Schack-SM 2024: Sverigemastarklassen"]
[Site "Fortnox Arena, Hejaregatan 5, Vaxjo, Sweden"]
[Date "2024.07.04"]
[Round "6.3"]
[White "Seo, Jung Min"]
[Black "Pantzar, Milton"]
[Result "1/2-1/2"]
[TimeControl "90 minutes for 40 moves + 30 minutes for the rest of the game + 30 seconds per move from move one."]
[WhiteTitle "IM"]
[BlackTitle "IM"]
[WhiteElo "2442"]
[BlackElo "2480"]

1. e4 e5 2. Nf3 Nc6 3. Bb5 Bc5 4. O-O d6 5. d4 exd4 6. Nxd4 Nge7 7. Be3 O-O 8. c3 Bb6 9. Re1 f5 10.
Nxf5 Nxf5 11. exf5 Bxf5 12. Qd5+ Kh8 13. Bxc6 bxc6 14. Qxc6 Rb8 15. b3 Bc8 16. Nd2 Bb7 17. Qc4 Qf6 18.
Bxb6 cxb6 19. f3 Rfc8 20. Qd4 Rxc3 21. Qxf6 gxf6 22. Nc4 Rg8 23. Nxd6 Bxf3 24. Nf7+ Kg7 25. Nd6 Kh8 26. Nf7+ Kg7 27.
Nd6 Kh8 28. Nf7+ Kg7 29. Nd6 1/2-1/2

[Event "Schack-SM 2024: Sverigemastarklassen"]
[Site "Fortnox Arena, Hejaregatan 5, Vaxjo, Sweden"]
[Date "2024.07.04"]
[Round "6.4"]
[White "Ostlund, Joar"]
[Black "Lokander, Martin"]
[Result "1-0"]
[TimeControl "90 minutes for 40 moves + 30 minutes for the rest of the game + 30 seconds per move from move one."]
[WhiteTitle "FM"]
[BlackTitle "IM"]
[WhiteElo "2334"]
[BlackElo "2474"]

1. d4 Nf6 2. Nf3 d5 3. Bf4 c5 4. e3 Nc6 5. Nbd2 Nh5 6. Be5 e6 7. c3 f6 8. Bg3 Nxg3 9. hxg3 g6 10.
Bb5 Qb6 11. a4 a6 12. Bd3 f5 13. Qc2 c4 14. Be2 Bg7 15. b3 cxb3 16. Qxb3 Qd8 17. O-O O-O 18. c4 a5 19. Rfc1 g5 20.
Ne1 f4 21. gxf4 gxf4 22. Ndf3 fxe3 23. fxe3 Kh8 24. Nd3 Bh6 25. Nde5 Nb4 26. Rf1 b6 27. Ng4 Bg7 28. Nfe5 Ra7 29.
Rxf8+ Qxf8 30. Rf1 Qe8 31. Qb1 dxc4 32. Bxc4 Rc7 33. Nf6 Bxf6 34. Rxf6 Rg7 35. Qf1 Kg8 36. Qf5 Nd5 37. Bxd5 exd5 38.
Qf3 Be6 39. e4 dxe4 40. Qxe4 h5 41. Rh6 Bf7 42. Rxb6 Qd8 43. Nxf7 Qxb6 44. Qe8+ Kh7 45. Qh8+ 1-0

[Event "Schack-SM 2024: Sverigemastarklassen"]
[Site "Fortnox Arena, Hejaregatan 5, Vaxjo, Sweden"]
[Date "2024.07.04"]
[Round "6.5"]
[White "Hector, Jonny"]
[Black "Blomqvist, Erik"]
[Result "1/2-1/2"]
[TimeControl "90 minutes for 40 moves + 30 minutes for the rest of the game + 30 seconds per move from move one."]
[WhiteTitle "GM"]
[BlackTitle "GM"]
[WhiteElo "2410"]
[BlackElo "2527"]

1. e4 e5 2. Nf3 Nc6 3. Bc4 Nf6 4. d3 Bc5 5. Be3 Bxe3 6. fxe3 d6 7. a4 Be6 8. Bxe6 fxe6 9. a5 a6 10.
Nbd2 d5 11. O-O Qd6 12. Qe2 O-O 13. Ra3 Rad8 14. Rc1 Rd7 15. c4 dxe4 16. dxe4 Qc5 17. Ra4 Rfd8 18. b4 Nxb4 19. Nb3 Qd6 20.
c5 Qd3 21. Qxd3 Nxd3 22. Rc2 Ng4 23. Re2 Nb2 24. Ra1 Rd1+ 25. Re1 R1d3 26. Nc1 Rc3 27. Rb1 Rc2 28. h3 Nf6 29. Nb3 Na4 30.
Red1 Rxd1+ 31. Rxd1 Nxc5 32. Nxc5 Rxc5 33. Ng5 Ne8 34. Rd8 Rc1+ 35. Kh2 Kf8 36. Rd7 Nd6 37. Nxe6+ Ke8 38. Rxg7 Nf7 39.
Rxh7 b5 40. axb6 cxb6 41. g4 Rc6 42. Ng7+ Kf8 43. Nf5 a5 44. g5 a4 45. Rg7 Rc2+ 46. Kg3 a3 47. g6 Rc7 48. Rh7 a2 49.
gxf7 a1=Q 50. Rh8+ Kxf7 51. Rh7+ Ke6 52. Rxc7 Qg1+ 53. Kh4 Qf2+ 54. Kg4 Qe2+ 55. Kg3 Qe1+ 56. Kg4 Qd1+ 57. Kg5 Qg1+ 58.
Kh6 b5 59. Ng7+ Kd6 60. Ne8+ Ke6 1/2-1/2

[Event "Schack-SM 2024: Sverigemastarklassen"]
[Site "Fortnox Arena, Hejaregatan 5, Vaxjo, Sweden"]
[Date "2024.07.03"]
[Round "5.4"]
[White "Pantzar, Milton"]
[Black "Blomqvist, Erik"]
[Result "0-1"]
[TimeControl "90 minutes for 40 moves + 30 minutes for the rest of the game + 30 seconds per move from move one."]
[WhiteTitle "IM"]
[BlackTitle "GM"]
[WhiteElo "2480"]
[BlackElo "2527"]

1. d4 d5 2. Nf3 Nf6 3. e3 Bf5 4. Bd3 e6 5. Bxf5 exf5 6. Qd3 Qd7 7. Ne5 Qc8 8. O-O Bd6 9. b3 O-O 10.
Ba3 Bxa3 11. Nxa3 c6 12. c4 Qe6 13. b4 a6 14. cxd5 cxd5 15. Qb3 Nc6 16. Nd3 Qd6 17. b5 Ng4 18.
Nf4 Nxd4 19. Qxd5 Ne2+ 20. Kh1 Qh6 21. Nh3 Qf6 22. bxa6 Rxa6 23. Nb5 Rd8 24. Qc4 Qe5 25. g3 Rh6 26.
Kg2 f4 27. Qxe2 f3+ 28. Qxf3 Qh5 29. Kg1 Qxh3 30. Qg2 Qxg2+
31. Kxg2 Rd2 32. Kg1 Rxh2 33.
Rac1 h5 34. Rc8+ Kh7 35. Rc7 Rhxf2 36. Rxf2 Rxf2 37. Rxb7 Rf3 38. Kg2 Rf2+ 39. Kg1 Kg6 40. a4 Ra2 41. Nc3 Ra1+ 42. Kg2 Nxe3+ 43. Kf3 Nf5 44. Rb4 Rf1+ 45. Ke2 Nxg3+ 46. Kd3 Rf3+ 47. Kc2 Rf5 48. Nb5 Kg5 49. a5 Rf2+ 50. Kb3 h4 51. a6 h3 52.
a7 h2 53. a8=Q h1=Q 54. Qd8+ f6 55. Nc3 Qe1 56. Qd7 Kh6 57. Rh4+ Nh5 58. Qg4 g6 59. Qc4 Rf3 60. Re4 Rxc3+ 0-1